 Dungeon Crawl Stone Soup version 0.29.1-15-g9cfb28693d (webtiles) character file.

Game seed: 6540774943288295399

55 leafyfresh the Sneak (level 3, -4/26 HPs)
             Began as an Octopode Delver on Apr 14, 2023.
             Was an Initiate of Ashenzari.
             Constricted to death by Sigmund (6 damage)
             ... on level 3 of the Dungeon.
             The game lasted 00:01:20 (943 turns).

leafyfresh the Sneak (Octopode Delver)               Turns: 943, Time: 00:01:22

Health: -4/26      AC:  1    Str: 11    XL:     3   Next: 93%
Magic:  3/3        EV: 10    Int: 14    God:    Ashenzari [......]
Gold:   81         SH:  0    Dex: 13    Spells: 2/2 levels left

rFire   . . .      SeeInvis .   h - +3 dagger
rCold   . . .      Faith    .   (no shield)
rNeg    . . .      Spirit   .   (helmet restricted)
rPois   .          Reflect  .   (no amulet)
rElec   .          Harm     .   (no ring)
rCorr   .          Rampage  .   (no ring)
Will    .....                   (no ring)
Stlth   ++........              (no ring)
HPRegen 0.08/turn               (no ring)
MPRegen 0.08/turn               (no ring)
                                (no ring)
                                (no ring)

@: confused, ambrosia-drunk, grasped by roots, constricted
A: almost no armour, amphibious, 8 rings, camouflage 1, gelatinous body 1,
(nimble swimmer 1), tentacles
a: Renounce Religion


You were on level 3 of the Dungeon.
You worshipped Ashenzari.
Ashenzari was noncommittal.
You visited 2 branches of the dungeon, and saw 4 of its levels.

You collected 81 gold pieces.

Inventory:

Hand Weapons
 a - a +0 short sword
 h - a +3 dagger (weapon)
Wands
 f - a wand of digging (3)
 g - a wand of flame (22)
Scrolls
 b - a scroll of fog
 c - 2 scrolls of magic mapping
 i - a scroll of teleportation {unknown}
Potions
 e - a potion of haste


   Skills:
 + Level 3.6 Fighting
 - Level 2.0 Short Blades
 + Level 2.8 Dodging
 + Level 7.2 Stealth


You had 2 spell levels left.
You didn't know any spells.
Your spell library contained the following spells:

 Spells                   Type           Power      Damage    Failure   Level
 Confusing Touch          Hex            0%         N/A       65%         3
 Yara's Violent Unravell  Hex/Tmut       0%         3d3       100%        5
 Enfeeble                 Hex            0%         N/A       100%        7


Dungeon Overview and Level Annotations

Branches:
Dungeon (5/15)             Temple (1/1) D:4

Altars:
Ashenzari
Cheibriados
Dithmenos
Hepliaklqana
Kikubaaqudgha
Ru
Sif Muna
Trog
Uskayaw
Xom
Yredelemnul
Zin

Shops:
D:4 !

Annotations:
D:3 Sigmund


Innate Abilities, Weirdness & Mutations

You cannot wear most types of armour.
You are amphibious.
You can wear up to eight rings at the same time.
Your skin changes colour to match your surroundings (Stealth+).
Your rubbery body absorbs attacks. (AC +1, EV +1)
((You are camouflaged when in or above water. (Stealth+)))
You have tentacles for arms and can constrict up to eight enemies at once.


Message History

You impale the giant cockroach!!
You kill the giant cockroach!
No target in view!
You see here a giant cockroach corpse.
You now have 60 gold pieces (gained 8).
You now have 65 gold pieces (gained 5).
You open the door.
There is an open door here.
You open the door.
There is an open door here.
You now have 81 gold pieces (gained 16).
Sigmund the Dreaded comes into view.
He is wielding a +1 vorpal scythe, wearing a +2 robe of cold resistance and carrying a wand of roots (9).
Found a scroll of magic mapping and 11 gold pieces.
Found a stone staircase leading down.
Sigmund is nearby!
A hobgoblin comes into view.
There are monsters nearby!
Unknown command.
The hobgoblin shouts!
You barely miss Sigmund. Your grab misses Sigmund.
Sigmund zaps a wand.
The roots erupt in riotous growth!
The grasping roots grab you!
Sigmund is unaffected.
The grasping roots constrict you.
You hear a shout!
You hear an angry hiss.
You hit Sigmund but do no damage. Your grab misses Sigmund.
Sigmund hits you with a +1 vorpal scythe!
The grasping roots constrict you.
* * * LOW HITPOINT WARNING * * *
Unknown command.
You closely miss Sigmund. You grab Sigmund. You constrict Sigmund.
The hobgoblin barely misses you.
Unknown command.
It was a potion of ambrosia.
You are confused.
You feel invigorated.
You constrict Sigmund, but do no damage.
Sigmund hits you with a +1 vorpal scythe.
* * * LOW HITPOINT WARNING * * *
x2 The grasping roots constrict you.
You die...

#.#..## #####.#....
#.[...#.### ### #.##.......
..#. #.#....#### ###
#.#.######.#.#......# ... #.#
.......#.#.#..#.#
..##.###.###@..####.#.#..#.##
.=..........@g$..............
.##....###....####.#.#.#####
>..?.##.# #....# #.#.#.#####
.....##.# #........ #.#......
.....+..# ######## #........
....#..#############........
#...................#.......)
#####.....####...............
#.....# #........#######


You could see Sigmund and a hobgoblin.

Vanquished Creatures
  Ijyb (D:4)
  2 adders (D:4)
  A worm (D:3)
  An endoplasm (D:4)
  A giant cockroach (D:3)
  2 hobgoblins (D:4)
  A kobold (D:4)
  A goblin (D:3)
10 creatures vanquished.

Vanquished Creatures (others)
  7 fungi (D:5)
7 creatures vanquished.

Grand Total: 17 creatures vanquished

Notes
Turn   | Place    | Note
-------+----------+-------------------------------------------
     0 | D:5      | leafyfresh the Octopode Delver began the quest for the Orb.
     0 | D:5      | Reached XP level 1. HP: 16/16 MP: 1/1
    38 | D:5      | Noticed an orc priest
   100 | D:4      | Reached XP level 2. HP: 21/21 MP: 2/2
   100 | D:4      | Noticed Ijyb
   102 | D:4      | Killed Ijyb
   103 | D:4      | Reached skill level 7 in Stealth
   103 | D:4      | Reached XP level 3. HP: 26/26 MP: 3/3
   128 | D:4      | Found a staircase to the Ecumenical Temple.
   176 | Temple   | Entered the Ecumenical Temple
   192 | Temple   | Became a worshipper of Ashenzari the Shackled
   289 | D:4      | Found Nevodghi's Distillery.
   934 | D:3      | Noticed Sigmund
   943 | D:3      | Constricted to death by Sigmund

Illustrated notes

Levels and vault maps discovered:
D:3:      minmay_wonky_spiral, layout_basic, dreamdust_mushroom_princess,
          uniq_grinder, uniq_terence, uniq_sigmund
D:4:      layout_loops_cross, minmay_temple_entry_hall, serial_shops,
          nicolae_shop_hallway_stairs, nicolae_lakefront_shop, serial_glass,
          glass_columns_a, glass_columns_c, minmay_strange_pillars,
          feat_on_display, feat_on_display, feat_on_display, uniq_ijyb
D:5:      layout_loops_ring, serial_aquarium, aquarium_bridge_long_joined
          [aquarium_subvault_wall, aquarium_subvault_bridge,
          aquarium_subvault_window, aquarium_subvault_bridge,
          aquarium_subvault_bridge, aquarium_subvault_wall],
          aquarium_bridge_square [aquarium_subvault_bridge,
          aquarium_subvault_bridge, aquarium_subvault_wall,
          aquarium_subvault_window], aquarium_window_fake, aquarium_window_fake,
          aquarium_window_fake, aquarium_view_4, aquarium_view_2g, serial_shops,
          shop, serial_bayou_lagoon_a
Temple:   nicolae_temple_bog_church

Skill      XL: |  1  2 |
---------------+-------+-----
Stealth        | 7 |  7.2
Fighting       | |  3.6
Short Blades   | |  2.0
Dodging        | |  2.8

Action                   || total
-------------------------++-------
Melee: Short sword       ||     2
       Constrict         ||     5
       Tentacles         ||     5
       Dagger            ||    21
  Use: Scroll            ||     1
       Potion            ||     1
 Stab: Sleeping          ||     6
Armor: Skin              ||     1
Dodge: Dodged            ||     9
